 Dungeon Crawl Stone Soup version 0.32-a0-747-gc8563f6773 (webtiles) character file.

Game seed: 5477062464684157331

7 cforsyth the Chopper (level 1, 0/19 HPs)
             Began as a Mountain Dwarf Cinder Acolyte on Mar 18, 2024.
             Was a High Priest of Ignis.
             Slain by a jackal (3 damage)
             ... on level 1 of the Dungeon.
             The game lasted 00:00:26 (334 turns).

cforsyth the Chopper (Mountain Dwarf Cinder Acolyte) Turns: 334, Time: 00:00:27

Health: 0/19       AC:  2    Str: 16    XL:     1   Next: 91%
Magic:  2/2        EV: 10    Int: 14    God:    Ignis [*****.]
Gold:   17         SH:  0    Dex:  5    Spells: 2/2 levels left

rFire   + . .        a - -1 hand axe (flame)
rCold   . . .        (no shield)
rNeg    . . .        b - +0 robe
rPois   .            (no helmet)
rElec   .            (no cloak)
rCorr   +            (no gloves)
SInv    .            (no boots)
Will    .....        (no amulet)
Stlth   +            R - ring of resist corrosion
HPRegen 0.23/turn    (no ring)
MPRegen 0.08/turn

%: no passive effects
@: mighty
A: runic magic, artefact enchanting
a: Renounce Religion, Fiery Armour, Foxfire Swarm, Rising Flame


You were on level 1 of the Dungeon.
You worshipped Ignis.
Ignis was extremely pleased with you.
You visited 1 branch of the dungeon, and saw 1 of its levels.

You collected 17 gold pieces.


Innate Abilities, Weirdness & Mutations

Your spellcasting is much less encumbered by armour.
You can use scrolls of enchantment on lesser artefacts.


   Skills:
 + Level 3.4 Fighting
 + Level 3.7 Axes
 + Level 0.5 Armour
 + Level 1.1 Spellcasting
 + Level 3.7 Fire Magic


You had 2 spell levels left.
You didn't know any spells.
Your spell library contained the following spells:

 Spells                   Type           Power      Damage    Failure   Level
 Scorch                   Fire           22%        2d5       9%          2

Inventory:

Hand Weapons
 a - a -1 hand axe of flaming (weapon)
Armour
 b - a +0 robe (worn)
Jewellery
 R - a ring of resist corrosion (left hand)
Scrolls
 d - 5 scrolls of identify {unknown}
 f - a scroll of blinking {unknown}
 g - a scroll of torment {unknown}
Potions
 e - a potion of heal wounds {unknown}

Dungeon Overview and Level Annotations

Branches:
Dungeon (1/15)

Altars:

#.........P.⌠.ß
#..............
#..............
#............# ####
#............#.#.. #
#............#.....#.
#......h.........#.#.
#######h###........#.##
#>...@h###.####.###...
#.....................
#.#...#....###........
# #.#.#.######........
#.#.#.#.............
#.#.#.#.###......... .
..#............... #
..#......#........
#.#......+...#####


You could see 3 jackals.


Message History

You are too injured to fight recklessly!
You are too injured to fight recklessly!
You are too injured to fight recklessly!
You are too injured to fight recklessly!
You are too injured to fight recklessly!
You are too injured to fight recklessly!
You are too injured to fight recklessly!
Unknown command.
You are too injured to fight recklessly!
Unknown command.
You are too injured to fight recklessly!
The jackal attacks as it pursues you! The jackal bites you.
* * * LOW HITPOINT WARNING * * *
The jackal bites you.
* * * LOW HITPOINT WARNING * * *
The jackal closely misses you. The jackal barely misses you.
The jackal attacks as it pursues you! The jackal barely misses you.
The jackal attacks as it pursues you! The jackal closely misses you.
The jackal attacks as it pursues you! The jackal bites you.
* * * LOW HITPOINT WARNING * * *
The jackal attacks as it pursues you! The jackal closely misses you.
It was a potion of might.
You feel very mighty all of a sudden. The jackal closely misses you.
The jackal barely misses you.
You barely miss the jackal.
The jackal is heavily wounded.
You closely miss the jackal. The jackal barely misses you.
The jackal bites you.
You die...
Ignis goes out, and joins you in death.

Action                     || total
---------------------------++-------
  Melee: Hand axe          ||    21
    Use: Potion            ||     1
 Armour: Robe              ||    21
  Dodge: Dodged            ||    19

Levels and vault maps discovered:
D:1:      erik_arrival_orb_chamber, layout_basic,
          hellmonk_ecumenical_altar_dog_temple, corexii_hall_statues_l

Notes
Turn   | Place    | Note
-------+----------+-------------------------------------------
     0 | D:1      | cforsyth the Mountain Dwarf Cinder Acolyte began the quest
                  | for the Orb.
     0 | D:1      | Reached XP level 1. HP: 19/19 MP: 2/2
   324 | D:1      | Found a faded altar of an unknown god.
   334 | D:1      | Slain by a jackal

Vanquished Creatures
  An endoplasm (D:1)
  4 goblins (D:1)
  A rat (D:1)
6 creatures vanquished.

Table legend: (Time is in decaauts)
 A = Elapsed time spent in this place.
 B = Non-inter-level travel time spent in this place.
 C = Inter-level travel time spent in this place.
 D = Time resting spent in this place.
 E = Time spent auto-exploring this place.
 F = Levels seen in this place.
 G = Mean time per level.
                   A        B        C        D        E       F      G
               +--------+--------+--------+--------+--------+-----+--------+
         Total |    335 |    335 |      0 |      0 |    264 |   1 |  335.0 |
       Dungeon |    335 |    335 |      0 |      0 |    264 |   1 |  335.0 |
               +--------+--------+--------+--------+--------+-----+--------+

Top non-repeatable levels by time:
     D:1: 335 daAuts

Table legend:
 A = Non-vault XP
 B = Vault XP
 C = Vault XP percentage of total XP
 D = Non-vault monster count
 E = Vault monster count
 F = Vault count percentage of total count
                 A         B        C        D         E       F
            +---------+---------+-------+---------+---------+-------
      Total |      11 |       0 |   0.0 |       6 |       0 |   0.0
            +---------+---------+-------+---------+---------+-------
        D:1 |      11 |       0 |   0.0 |       6 |       0 |   0.0
            +---------+---------+-------+---------+---------+-------
